Gangsters vs Inferno
(R1)
Created - April 10, 2019 at 19:00
Goals
|
| Gangsters |
4 |
2 |
2 |
8 |
| Inferno |
3 |
2 |
2 |
7 |
|
Shots
|
| Gangsters |
13 |
10 |
8 |
31 |
| Inferno |
13 |
13 |
7 |
33 |
|
1st period
1. Inferno , Anders Lee 33 (Bryan Rust 28) at 5:51
2. Gangsters , Devante Smith-Pelly 29 (Jonas Brodin 23, Magnus Paajarvi-Svensson 7) at 7:46
3. Gangsters , Seth Griffith 13 (Jonas Brodin 24) at 12:53
4. Gangsters , Devante Smith-Pelly 30 (Magnus Paajarvi-Svensson 8, Maxime Sauvé 61) at 12:59
5. Inferno , Tanner Pearson 33 (Colby Robak 31, David Savard 38) at 13:15
6. Gangsters , Devante Smith-Pelly 31 (Matt Delahey 33, Magnus Paajarvi-Svensson 9) at 14:38
7. Inferno , Anders Lee 34 (David Savard 39, Matthew Nieto 27) at 19:31 (PP)
Penalties :
Steven Santini (Bro) for Hooking (Minor) at 1:02, David Pope (Bro) for High sticking (Minor) at 18:36
2nd period
8. Gangsters , Kevin Roy 4 (Phillip Danault 14) at 4:32
9. Inferno , Esa Lindell 7 (Tanner Pearson 49, Anders Lee 40) at 11:23 (PP)
10. Gangsters , Tomas Hertl 26 (Dave Dziurzynski 53) at 12:09
11. Inferno , Bryan Rust 22 (Anders Lee 41, Matthew Nieto 28) at 13:54
Penalties :
Dave Dziurzynski (Bro) for Interference (Minor) at 1:42, Devante Smith-Pelly (Bro) for Hooking (Minor) at 9:47, Devante Smith-Pelly (Bro) for Slashing (Minor) at 13:59, Matthew Nieto (Anc) for Holding Stick (Minor) at 19:25
3rd period
12. Gangsters , David Pope 17 (Seth Griffith 13) at 1:52
13. Inferno , Victor Rask 14 (Christian Folin 41, Anders Lee 42) at 3:13
14. Gangsters , Dave Dziurzynski 45 (Tomas Hertl 56) at 4:28
15. Inferno , Kyle Palmieri 42 (Matthew Nieto 29) at 11:19 (PP)
Penalties :
Vladimir Sobotka (Anc) for Hooking (Minor) at 4:33, Derrick Pouliot (Bro) for Roughing (Minor) at 10:36, Magnus Paajarvi-Svensson (Bro) for Holding (Minor) at 12:55
Goalie Stats
Mike Condon (Bro), 26 saves from 33 shots - (0.788), W, 12-8-1, 60:00 minutes
Christopher Gibson (Anc), 10 saves from 14 shots - (0.714), 29:35 minutes
Michael Hutchinson (Anc), 13 saves from 17 shots - (0.765), L, 11-13-1, 29:50 minutes
Players Stats for Gangsters
Player Name G A P +/- PIM S H SB GA TA FO MP PP MP PK MP
------------------------------------------------------------------------------------
Adam Lowry 0 0 0 0 0 0 0 0 0 0 0/0 0:30 0:00 0:00
Anthony Camara 0 0 0 0 0 0 0 0 0 0 0/0 0:55 0:00 0:00
Austen Brassard 0 0 0 0 0 0 0 0 0 0 0/0 7:19 0:00 0:00
Brett Ponich 0 0 0 0 0 2 1 2 0 3 0/0 24:44 2:37 6:35
Dave Dziurzynski 1 1 2 1 2 2 4 0 2 0 0/2 12:40 1:55 0:00
David Pope 1 0 1 1 2 2 0 1 1 0 0/0 9:25 0:00 0:00
Derrick Pouliot 0 0 0 2 2 1 0 0 0 0 0/0 9:32 0:00 0:00
Devante Smith-Pelly 3 0 3 2 4 8 0 2 0 1 1/3 20:50 2:03 2:21
Jonas Brodin 0 2 2 2 0 0 2 0 0 0 0/0 20:40 1:21 4:35
Jordan Subban 0 0 0 0 0 0 0 0 0 0 0/0 5:03 0:00 0:00
Kevin Roy 1 0 1 0 0 1 0 0 1 0 1/2 7:51 0:00 0:04
Magnus Paajarvi-Svensson 0 3 3 2 2 3 1 0 3 1 0/3 22:15 2:03 3:32
Matt Delahey 0 1 1 0 0 0 0 5 0 0 0/0 29:47 2:37 6:35
Maxime Sauvé 0 1 1 2 0 3 2 0 0 1 21/42 24:32 2:03 6:20
Morgan Ellis 0 0 0 2 0 0 3 1 0 2 0/0 20:40 1:21 4:35
Phillip Danault 0 1 1 0 0 1 0 0 0 0 0/0 8:07 0:00 0:39
Sebastian Collberg 0 0 0 1 0 0 0 0 0 0 0/0 9:26 0:00 0:00
Seth Griffith 1 1 2 1 0 5 2 0 1 0 4/7 12:53 0:00 2:50
Stefan Noesen 0 0 0 1 0 0 2 0 0 1 0/0 12:46 1:55 0:00
Steven Santini 0 0 0 2 2 0 0 0 0 0 0/0 9:41 0:00 0:00
Tomas Hertl 1 1 2 1 0 3 1 3 2 0 5/10 19:07 1:55 6:34
Players Stats for Inferno
Player Name G A P +/- PIM S H SB GA TA FO MP PP MP PK MP
------------------------------------------------------------------------------------
Anders Lee 2 3 5 0 0 2 5 0 1 0 15/21 20:09 6:17 1:19
Bryan Rust 1 1 2 0 0 2 1 1 0 0 1/1 15:43 0:00 2:18
Christian Folin 0 1 1 0 0 5 1 0 0 0 0/0 22:53 7:40 0:00
Colby Robak 0 1 1 -3 0 1 0 1 1 2 0/0 21:01 0:00 2:10
David Savard 0 2 2 -4 0 3 4 1 0 2 0/0 27:49 7:40 2:10
Esa Lindell 1 0 1 -1 0 1 0 1 0 0 0/0 14:53 3:30 0:00
Greg Pateryn 0 0 0 0 0 0 1 0 0 1 0/0 13:50 0:00 1:48
Kyle Palmieri 1 0 1 -2 0 2 1 1 2 0 0/1 21:46 4:53 0:00
Matt Kassian 0 0 0 -2 0 2 1 0 0 1 0/0 9:02 0:00 0:14
Matthew Nieto 0 3 3 0 2 3 1 0 2 1 0/0 19:12 5:57 0:43
Oliver Bjorkstrand 0 0 0 0 0 0 2 0 0 0 0/0 11:28 6:17 0:00
Peter Cehlarik 0 0 0 0 0 0 0 0 0 0 0/0 6:17 0:00 0:00
Philip Varone 0 0 0 -2 0 3 2 0 2 0 4/9 10:59 0:00 0:57
Simon Danis-Pepin 0 0 0 0 0 0 1 0 0 1 0/0 19:34 3:30 1:48
Tanner Pearson 1 1 2 -2 0 1 1 0 0 2 1/1 22:37 5:13 0:43
Tyler Shattock 0 0 0 -2 0 0 1 0 0 0 0/0 9:36 0:00 0:00
Victor Rask 1 0 1 0 0 2 2 0 1 0 4/8 11:00 4:53 0:21
Vladimir Sobotka 0 0 0 -2 2 6 0 2 0 0 12/28 18:11 0:00 1:21
3 Stars
1 - Anders Lee (Anc)
2 - Devante Smith-Pelly (Bro)
3 - Tomas Hertl (Bro)
Power Play
Gangsters - 0 on 2 Attempt(s) - 0.00%
Inferno - 3 on 7 Attempt(s) - 42.86%
Penalty Kill
Gangsters - 4 on 7 Attempt(s) - 57.14%
- Score 0 goal in Penalty Kill
Inferno - 2 on 2 Attempt(s) - 100.00%
- Score 0 goal in Penalty Kill
Team Stat
Gangsters - Hits : 18 - Faceoff Wins : 32 - Blocked Shots : 14 - Penalty Minutes : 14
Inferno - Hits : 24 - Faceoff Wins : 37 - Blocked Shots : 7 - Penalty Minutes : 4
Official
Referees : Unknown
Linesman : Unknown
Game Notes
Devante Smith-Pelly has scored a Hat Trick!
Michael Hutchinson enters game at 14:38 of 1st period
Christopher Gibson enters game at 4:28 of 3rd period
Finance
Level 1 -- Attendance: 1545 (77.25%) -- Ticket Income $61,800
Level 2 -- Attendance: 810 (81.00%) -- Ticket Income $16,200
Total Attendance: 2355 (78.50%)
Total Ticket Income: $78,000
Other Income: $3,900
Total Income: $81,900
Gangsters
5 vs 5 Forward
Center Left Wing Right Wing Time % Phy DF OF
1 Maxime Sauvé Magnus Paajarvi-Svensson Devante Smith-Pelly 40 1 2 2
2 Tomas Hertl Dave Dziurzynski Stefan Noesen 30 1 2 2
3 Seth Griffith David Pope Sebastian Collberg 20 1 2 2
4 Kevin Roy Phillip Danault Austen Brassard 10 1 2 2
5 vs 5 Defense
Defense Defense Time % Phy DF OF
1 Matt Delahey Brett Ponich 40 1 2 2
2 Morgan Ellis Jonas Brodin 30 1 2 2
3 Derrick Pouliot Steven Santini 20 1 2 2
4 Jordan Subban Matt Delahey 10 1 2 2
PowerPlay Forward
Center Left Wing Right Wing Time % Phy DF OF
1 Maxime Sauvé Magnus Paajarvi-Svensson Devante Smith-Pelly 60 1 2 2
2 Tomas Hertl Dave Dziurzynski Stefan Noesen 40 1 2 2
PowerPlay Defense
Defense Defense Time % Phy DF OF
1 Matt Delahey Brett Ponich 60 1 2 2
2 Morgan Ellis Jonas Brodin 40 1 2 2
Penalty Kill 4 Players Forward
Center Wing Time % Phy DF OF
1 Maxime Sauvé Tomas Hertl 60 1 2 2
2 Magnus Paajarvi-Svensson Devante Smith-Pelly 40 1 2 2
Penalty Kill 4 Players Defense
Defense Defense Time % Phy DF OF
1 Matt Delahey Brett Ponich 60 1 2 2
2 Morgan Ellis Jonas Brodin 40 1 2 2
Penalty Kill - 3 Players Forward
Forward Time % Phy DF OF
1 Maxime Sauvé 60 1 2 2
2 Tomas Hertl 40 1 2 2
Penalty Kill - 3 Players Defense
Defense Defense Time % Phy DF OF
1 Matt Delahey Brett Ponich 60 1 2 2
2 Morgan Ellis Jonas Brodin 40 1 2 2
4 vs 4 Forward
Center Wing Time % Phy DF OF
1 Maxime Sauvé Tomas Hertl 60 1 2 2
2 Magnus Paajarvi-Svensson Devante Smith-Pelly 40 1 2 2
4 vs 4 Defense
Defense Defense Time % Phy DF OF
1 Matt Delahey Brett Ponich 60 1 2 2
2 Morgan Ellis Jonas Brodin 40 1 2 2
Last Minutes Offensive
Center Left Wing Right Wing Defense Defense
Maxime Sauvé Magnus Paajarvi-Svensson Devante Smith-Pelly Matt Delahey Brett Ponich
Last Minutes Defensive
Center Left Wing Right Wing Defense Defense
Maxime Sauvé Magnus Paajarvi-Svensson Devante Smith-Pelly Matt Delahey Brett Ponich
Goaltenders
Starting : Mike Condon
Backup : Dustin Tokarski
Extra Forwards
Normal : Anthony Camara, Adam Lowry, Seth Griffith - PP : Anthony Camara, Adam Lowry - PK : Seth Griffith
Extra Defensemen
Normal : Derrick Pouliot, Steven Santini, Jordan Subban - PP : Derrick Pouliot - PK : Steven Santini, Jordan Subban
Penalty Shots
Maxime Sauvé, Tomas Hertl, Magnus Paajarvi-Svensson, Devante Smith-Pelly, Dave Dziurzynski
Scratches
Richard Panik (Strained Left Knee Injury), Ryan Culkin (Broken Ribs Injury), Jordan Binnington (Healthy)
Inferno
5 vs 5 Forward
Center Left Wing Right Wing Time % Phy DF OF
1 Vladimir Sobotka Tanner Pearson Kyle Palmieri 40 1 2 2
2 Anders Lee Matthew Nieto Bryan Rust 30 1 2 2
3 Philip Varone Matt Kassian Tyler Shattock 20 1 2 2
4 Victor Rask Peter Cehlarik Oliver Bjorkstrand 10 1 2 2
5 vs 5 Defense
Defense Defense Time % Phy DF OF
1 Colby Robak David Savard 40 1 2 2
2 Christian Folin Simon Danis-Pepin 30 1 2 2
3 Greg Pateryn Esa Lindell 20 1 2 2
4 Colby Robak David Savard 10 1 2 2
PowerPlay Forward
Center Left Wing Right Wing Time % Phy DF OF
1 Anders Lee Tanner Pearson Oliver Bjorkstrand 60 1 2 2
2 Victor Rask Matthew Nieto Kyle Palmieri 40 1 2 2
PowerPlay Defense
Defense Defense Time % Phy DF OF
1 Christian Folin David Savard 60 1 2 2
2 Esa Lindell Simon Danis-Pepin 40 1 2 2
Penalty Kill 4 Players Forward
Center Wing Time % Phy DF OF
1 Vladimir Sobotka Bryan Rust 60 1 2 2
2 Philip Varone Matt Kassian 40 1 2 2
Penalty Kill 4 Players Defense
Defense Defense Time % Phy DF OF
1 Colby Robak David Savard 60 1 2 2
2 Greg Pateryn Simon Danis-Pepin 40 1 2 2
Penalty Kill - 3 Players Forward
Forward Time % Phy DF OF
1 Vladimir Sobotka 60 1 2 2
2 Bryan Rust 40 1 2 2
Penalty Kill - 3 Players Defense
Defense Defense Time % Phy DF OF
1 Colby Robak David Savard 60 1 2 2
2 Greg Pateryn Simon Danis-Pepin 40 1 2 2
4 vs 4 Forward
Center Wing Time % Phy DF OF
1 Vladimir Sobotka Bryan Rust 60 1 2 2
2 Anders Lee Kyle Palmieri 40 1 2 2
4 vs 4 Defense
Defense Defense Time % Phy DF OF
1 Colby Robak David Savard 60 1 2 2
2 Christian Folin Simon Danis-Pepin 40 1 2 2
Last Minutes Offensive
Center Left Wing Right Wing Defense Defense
Vladimir Sobotka Tanner Pearson Kyle Palmieri Colby Robak David Savard
Last Minutes Defensive
Center Left Wing Right Wing Defense Defense
Vladimir Sobotka Tanner Pearson Bryan Rust Colby Robak David Savard
Goaltenders
Starting : Christopher Gibson
Backup : Michael Hutchinson
Extra Forwards
Normal : Bryan Rust, Matthew Nieto, Anders Lee - PP : Matthew Nieto, Oliver Bjorkstrand - PK : Bryan Rust
Extra Defensemen
Normal : Christian Folin, Esa Lindell, Greg Pateryn - PP : Esa Lindell - PK : Simon Danis-Pepin, Greg Pateryn
Penalty Shots
Kyle Palmieri, Vladimir Sobotka, Anders Lee, Tanner Pearson, Bryan Rust
Scratches
Chris Brown (Healthy), Frank Corrado (Healthy), Ryan Spooner (Healthy), Joakim Nordstrom (Healthy), Trevor Carrick (Healthy)
Petteri Lindbohm (Healthy), Daniil Tarasov (Healthy), Eric Karlsson (Healthy), John Gilmour (Healthy), Branden Troock (Healthy)
Vladimir Zharkov (Healthy), Mathieu Brodeur (Healthy), Nathan Lieuwen (Healthy)
% Time on Ice - Gangsters
Lines # - Real PCT - Wanted PCT - Time Play
Normal Forward
1 - 35% - 40% - 15:23
2 - 27% - 30% - 11:47
3 - 21% - 20% - 9:26
4 - 17% - 10% - 7:19
Normal Defense
1 - 34% - 40% - 15:09
2 - 32% - 30% - 14:10
3 - 22% - 20% - 9:33
4 - 11% - 10% - 5:03
PP Forward
1 - 52% - 60% - 2:03
2 - 48% - 40% - 1:55
PP Defense
1 - 66% - 60% - 2:37
2 - 34% - 40% - 1:21
PK Forward
1 - 67% - 60% - 7:28
2 - 33% - 40% - 3:42
PK Defense
1 - 59% - 60% - 6:35
2 - 41% - 40% - 4:35
PK3 Forward
1 - 0% - 60%
2 - 0% - 40%
PK3 Defense
1 - 0% - 60%
2 - 0% - 40%
44 Forward
1 - 0% - 60%
2 - 0% - 40%
44 Defense
1 - 0% - 60%
2 - 0% - 40%
Last Minute Offensive - 0:00
Last Minute Defensive - 0:57
Total
Forward - 60:00
Defense - 60:00
|
% Time on Ice - Inferno
Lines # - Real PCT - Wanted PCT - Time Play
Normal Forward
1 - 37% - 40% - 16:08
2 - 32% - 30% - 13:47
3 - 20% - 20% - 8:48
4 - 11% - 10% - 4:56
Normal Defense
1 - 42% - 40% - 18:22
2 - 33% - 30% - 14:30
3 - 22% - 20% - 9:38
4 - 3% - 10% - 1:09
PP Forward
1 - 56% - 60% - 6:17
2 - 44% - 40% - 4:53
PP Defense
1 - 69% - 60% - 7:40
2 - 31% - 40% - 3:30
PK Forward
1 - 94% - 60% - 3:44
2 - 6% - 40% - 0:14
PK Defense
1 - 55% - 60% - 2:10
2 - 45% - 40% - 1:48
PK3 Forward
1 - 0% - 60%
2 - 0% - 40%
PK3 Defense
1 - 0% - 60%
2 - 0% - 40%
44 Forward
1 - 0% - 60%
2 - 0% - 40%
44 Defense
1 - 0% - 60%
2 - 0% - 40%
Last Minute Offensive - 1:13
Last Minute Defensive - 0:00
Total
Forward - 60:00
Defense - 60:00
|
Play-by-Play
1st period
0:01 of 1st period - Maxime Sauvé wins face-off versus Vladimir Sobotka in neutral zone.
0:14 of 1st period - Wrist shot by Tanner Pearson.
0:14 of 1st period - Deflect By Kyle Palmieri.
0:14 of 1st period - Shot Blocked by Devante Smith-Pelly.
0:14 of 1st period - Puck is out of play.
0:15 of 1st period - Tomas Hertl wins face-off versus Anders Lee in Gangsters zone.
0:15 of 1st period - Tomas Hertl is hit by Anders Lee.
0:23 of 1st period - Simon Danis-Pepin is hit by Stefan Noesen and loses puck.
0:47 of 1st period - Snap shot by Philip Varone.
0:47 of 1st period - Stopped by Mike Condon without a rebound.
0:48 of 1st period - Kevin Roy wins face-off versus Victor Rask in Gangsters zone.
1:02 of 1st period - Minor Penalty to Steven Santini for Hooking.
1:03 of 1st period - Anders Lee wins face-off versus Maxime Sauvé in Gangsters zone.
1:24 of 1st period - Snap shot by Magnus Paajarvi-Svensson.
1:24 of 1st period - Stopped by Christopher Gibson without a rebound.
1:25 of 1st period - Victor Rask wins face-off versus Magnus Paajarvi-Svensson in Inferno zone.
1:50 of 1st period - Jonas Brodin is hit by Anders Lee.
3:02 of 1st period - Penalty to Steven Santini is over, Steven Santini is back on ice.
3:05 of 1st period - Matt Delahey is hit by Christian Folin and loses puck.
3:16 of 1st period - Wrist shot by Seth Griffith.
3:16 of 1st period - Stopped by Christopher Gibson with a rebound.
3:46 of 1st period - Tyler Shattock is hit by Dave Dziurzynski and loses puck.
4:16 of 1st period - Jonas Brodin is hit by Oliver Bjorkstrand and loses puck.
4:48 of 1st period - Brett Ponich is hit by Anders Lee and loses puck.
4:59 of 1st period - Tanner Pearson is hit by Dave Dziurzynski and loses puck.
5:18 of 1st period - Slapshot by Maxime Sauvé.
5:18 of 1st period - Shot Misses the Net.
5:51 of 1st period - Wrist shot by Anders Lee.
5:51 of 1st period - Goal by Anders Lee - Gangsters : 0 - Inferno : 1.
5:52 of 1st period - Vladimir Sobotka wins face-off versus Maxime Sauvé in neutral zone.
5:59 of 1st period - Wrist shot by Vladimir Sobotka.
5:59 of 1st period - Stopped by Mike Condon with a rebound.
6:17 of 1st period - Simon Danis-Pepin is hit by Seth Griffith and loses puck.
7:01 of 1st period - Morgan Ellis is hit by Philip Varone and loses puck.
7:13 of 1st period - Icing by Philip Varone.
7:14 of 1st period - Vladimir Sobotka wins face-off versus Kevin Roy in Inferno zone.
7:14 of 1st period - Vladimir Sobotka is hit by Morgan Ellis.
7:44 of 1st period - Snap shot by Magnus Paajarvi-Svensson.
7:44 of 1st period - Shot Hit the Post.
7:46 of 1st period - Slapshot by Jonas Brodin.
7:46 of 1st period - Deflect By Devante Smith-Pelly.
7:46 of 1st period - Goal by Devante Smith-Pelly - Gangsters : 1 - Inferno : 1.
7:47 of 1st period - Vladimir Sobotka wins face-off versus Maxime Sauvé in neutral zone.
8:12 of 1st period - Tomas Hertl is hit by David Savard and loses puck.
8:39 of 1st period - Wrist shot by Matt Kassian.
8:39 of 1st period - Shot Blocked by Matt Delahey.
8:41 of 1st period - Slapshot by Simon Danis-Pepin.
8:41 of 1st period - Shot Blocked by David Pope.
8:43 of 1st period - Snap shot by Matt Kassian.
8:43 of 1st period - Shot Misses the Net.
9:18 of 1st period - Magnus Paajarvi-Svensson is hit by Greg Pateryn and loses puck.
9:37 of 1st period - Wrist shot by Matthew Nieto.
9:37 of 1st period - Shot Misses the Net.
9:39 of 1st period - Snap shot by Anders Lee.
9:39 of 1st period - Shot Blocked by Brett Ponich.
9:41 of 1st period - Wrist shot by Anders Lee.
9:41 of 1st period - Shot Misses the Net.
9:43 of 1st period - Slapshot by Christian Folin.
9:43 of 1st period - Shot Blocked by Tomas Hertl.
9:53 of 1st period - Phillip Danault is hit by Tyler Shattock and loses puck.
10:16 of 1st period - Magnus Paajarvi-Svensson is hit by David Savard.
10:32 of 1st period - Slapshot by Seth Griffith.
10:32 of 1st period - Stopped by Christopher Gibson with a rebound.
10:42 of 1st period - Stefan Noesen is hit by Anders Lee and loses puck.
11:50 of 1st period - Tanner Pearson is hit by Jonas Brodin and loses puck.
12:42 of 1st period - David Pope is hit by Philip Varone and loses puck.
12:53 of 1st period - Snap shot by Seth Griffith.
12:53 of 1st period - Goal by Seth Griffith - Gangsters : 2 - Inferno : 1.
12:54 of 1st period - Maxime Sauvé wins face-off versus Vladimir Sobotka in neutral zone.
12:57 of 1st period - Snap shot by Devante Smith-Pelly.
12:57 of 1st period - Stopped by Christopher Gibson without a rebound.
12:58 of 1st period - Maxime Sauvé wins face-off versus Vladimir Sobotka in Inferno zone.
12:59 of 1st period - Snap shot by Magnus Paajarvi-Svensson.
12:59 of 1st period - Deflect By Devante Smith-Pelly.
12:59 of 1st period - Goal by Devante Smith-Pelly - Gangsters : 3 - Inferno : 1.
13:00 of 1st period - Vladimir Sobotka wins face-off versus Maxime Sauvé in neutral zone.
13:03 of 1st period - Slapshot by David Savard.
13:03 of 1st period - Shot Hit the Post.
13:05 of 1st period - Snap shot by Colby Robak.
13:05 of 1st period - Shot Blocked by Devante Smith-Pelly.
13:07 of 1st period - Wrist shot by Tanner Pearson.
13:07 of 1st period - Shot Misses the Net.
13:09 of 1st period - Snap shot by Vladimir Sobotka.
13:09 of 1st period - Stopped by Mike Condon without a rebound.
13:10 of 1st period - Vladimir Sobotka wins face-off versus Devante Smith-Pelly in Gangsters zone.
13:11 of 1st period - Wrist shot by Kyle Palmieri.
13:11 of 1st period - Shot Misses the Net.
13:13 of 1st period - Snap shot by David Savard.
13:13 of 1st period - Shot Blocked by Matt Delahey.
13:15 of 1st period - Slapshot by Colby Robak.
13:15 of 1st period - Deflect By Tanner Pearson.
13:15 of 1st period - Goal by Tanner Pearson - Gangsters : 3 - Inferno : 2.
13:16 of 1st period - Vladimir Sobotka wins face-off versus Maxime Sauvé in neutral zone.
13:23 of 1st period - Slapshot by Vladimir Sobotka.
13:23 of 1st period - Stopped by Mike Condon without a rebound.
13:24 of 1st period - Tanner Pearson wins face-off versus Maxime Sauvé in Gangsters zone.
13:27 of 1st period - Snap shot by Vladimir Sobotka.
13:27 of 1st period - Stopped by Mike Condon with a rebound.
13:30 of 1st period - Icing by Devante Smith-Pelly.
13:31 of 1st period - Maxime Sauvé wins face-off versus Vladimir Sobotka in Gangsters zone.
13:54 of 1st period - Wrist shot by Magnus Paajarvi-Svensson.
13:54 of 1st period - Stopped by Christopher Gibson with a rebound.
14:34 of 1st period - Snap shot by Devante Smith-Pelly.
14:34 of 1st period - Shot Misses the Net.
14:36 of 1st period - Slapshot by Matt Delahey.
14:36 of 1st period - Shot Blocked by Vladimir Sobotka.
14:38 of 1st period - Snap shot by Devante Smith-Pelly.
14:38 of 1st period - Goal by Devante Smith-Pelly - Gangsters : 4 - Inferno : 2.
14:38 of 1st period - Michael Hutchinson enters game.
14:39 of 1st period - Anders Lee wins face-off versus Dave Dziurzynski in neutral zone.
14:42 of 1st period - Wrist shot by Anders Lee.
14:42 of 1st period - Shot Blocked by Tomas Hertl.
14:50 of 1st period - Snap shot by Bryan Rust.
14:50 of 1st period - Stopped by Mike Condon without a rebound.
14:51 of 1st period - Anders Lee wins face-off versus Tomas Hertl in Gangsters zone.
14:56 of 1st period - Snap shot by Matthew Nieto.
14:56 of 1st period - Shot Misses the Net.
14:58 of 1st period - Wrist shot by Christian Folin.
14:58 of 1st period - Stopped by Mike Condon without a rebound.
14:59 of 1st period - Anders Lee wins face-off versus Tomas Hertl in Gangsters zone.
15:02 of 1st period - Snap shot by Matthew Nieto.
15:02 of 1st period - Shot Blocked by Tomas Hertl.
15:04 of 1st period - Slapshot by Bryan Rust.
15:04 of 1st period - Shot Blocked by Morgan Ellis.
15:46 of 1st period - Snap shot by Magnus Paajarvi-Svensson.
15:46 of 1st period - Shot Blocked by Kyle Palmieri.
15:48 of 1st period - Snap shot by Magnus Paajarvi-Svensson.
15:48 of 1st period - Shot Misses the Net.
15:54 of 1st period - Wrist shot by Devante Smith-Pelly.
15:54 of 1st period - Stopped by Michael Hutchinson with a rebound.
15:56 of 1st period - Snap shot by Devante Smith-Pelly.
15:56 of 1st period - Stopped by Michael Hutchinson with a rebound.
16:06 of 1st period - Kyle Palmieri is hit by Dave Dziurzynski and loses puck.
16:59 of 1st period - Snap shot by Kyle Palmieri.
16:59 of 1st period - Shot Misses the Net.
17:23 of 1st period - Snap shot by Kevin Roy.
17:23 of 1st period - Shot Misses the Net.
17:25 of 1st period - Wrist shot by Kevin Roy.
17:25 of 1st period - Shot Misses the Net.
17:37 of 1st period - Snap shot by Kyle Palmieri.
17:37 of 1st period - Stopped by Mike Condon with a rebound.
17:51 of 1st period - Backhand shot by Morgan Ellis.
17:51 of 1st period - Deflect By Phillip Danault.
17:51 of 1st period - Stopped by Michael Hutchinson without a rebound.
17:52 of 1st period - Anders Lee wins face-off versus Maxime Sauvé in Inferno zone.
18:36 of 1st period - Minor Penalty to David Pope for High sticking.
18:37 of 1st period - Maxime Sauvé wins face-off versus Anders Lee in Gangsters zone.
19:27 of 1st period - Snap shot by Matthew Nieto.
19:27 of 1st period - Stopped by Mike Condon with a rebound.
19:29 of 1st period - Slapshot by David Savard.
19:29 of 1st period - Stopped by Mike Condon with a rebound.
19:31 of 1st period - Snap shot by Anders Lee.
19:31 of 1st period - Goal by Anders Lee - Gangsters : 4 - Inferno : 3.
19:32 of 1st period - Philip Varone wins face-off versus Maxime Sauvé in neutral zone.
19:48 of 1st period - Slapshot by Maxime Sauvé.
19:48 of 1st period - Stopped by Michael Hutchinson with a rebound.
19:58 of 1st period - Peter Cehlarik is hit by Stefan Noesen and loses puck.
Goals for this period are 4 for Gangsters vs 3 for Inferno.
Shots for this period are 13 for Gangsters vs 13 for Inferno.
2nd period
0:01 of 2nd period - Anders Lee wins face-off versus Devante Smith-Pelly in neutral zone.
0:35 of 2nd period - Slapshot by Dave Dziurzynski.
0:35 of 2nd period - Deflect By Tomas Hertl.
0:35 of 2nd period - Stopped by Michael Hutchinson without a rebound.
0:36 of 2nd period - Seth Griffith wins face-off versus Anders Lee in Inferno zone.
0:41 of 2nd period - Slapshot by Jonas Brodin.
0:41 of 2nd period - Shot Misses the Net.
1:25 of 2nd period - Slapshot by Philip Varone.
1:25 of 2nd period - Stopped by Mike Condon without a rebound.
1:26 of 2nd period - Tomas Hertl wins face-off versus Philip Varone in Gangsters zone.
1:41 of 2nd period - Wrist shot by Philip Varone.
1:41 of 2nd period - Shot Blocked by Matt Delahey.
1:42 of 2nd period - Minor Penalty to Dave Dziurzynski for Interference.
1:43 of 2nd period - Anders Lee wins face-off versus Maxime Sauvé in Gangsters zone.
1:44 of 2nd period - Slapshot by Christian Folin.
1:44 of 2nd period - Deflect By Brett Ponich.
1:44 of 2nd period - Stopped by Mike Condon without a rebound.
1:45 of 2nd period - Maxime Sauvé wins face-off versus Anders Lee in Gangsters zone.
1:45 of 2nd period - Maxime Sauvé is hit by Oliver Bjorkstrand.
1:59 of 2nd period - Snap shot by Maxime Sauvé.
1:59 of 2nd period - Shot Misses the Net.
2:01 of 2nd period - Slapshot by Matt Delahey.
2:01 of 2nd period - Shot Misses the Net.
2:14 of 2nd period - Icing by Matthew Nieto.
2:15 of 2nd period - Maxime Sauvé wins face-off versus Victor Rask in Inferno zone.
2:30 of 2nd period - Snap shot by Tanner Pearson.
2:30 of 2nd period - Shot Misses the Net.
2:32 of 2nd period - Slapshot by David Savard.
2:32 of 2nd period - Stopped by Mike Condon without a rebound.
2:33 of 2nd period - Maxime Sauvé wins face-off versus Victor Rask in Gangsters zone.
2:50 of 2nd period - Slapshot by Magnus Paajarvi-Svensson.
2:50 of 2nd period - Shot Misses the Net.
3:42 of 2nd period - Penalty to Dave Dziurzynski is over, Dave Dziurzynski is back on ice.
3:51 of 2nd period - Wrist shot by Matt Kassian.
3:51 of 2nd period - Stopped by Mike Condon with a rebound.
3:53 of 2nd period - Wrist shot by Matt Kassian.
3:53 of 2nd period - Stopped by Mike Condon with a rebound.
3:55 of 2nd period - Backhand shot by Christian Folin.
3:55 of 2nd period - Shot Blocked by Brett Ponich.
3:57 of 2nd period - Snap shot by David Savard.
3:57 of 2nd period - Shot Misses the Net.
3:59 of 2nd period - Slapshot by David Savard.
3:59 of 2nd period - Stopped by Mike Condon without a rebound.
4:00 of 2nd period - Vladimir Sobotka wins face-off versus Seth Griffith in Gangsters zone.
4:32 of 2nd period - Snap shot by Kevin Roy.
4:32 of 2nd period - Goal by Kevin Roy - Gangsters : 5 - Inferno : 3.
4:33 of 2nd period - Anders Lee wins face-off versus Maxime Sauvé in neutral zone.
5:37 of 2nd period - Wrist shot by David Pope.
5:37 of 2nd period - Shot Misses the Net.
6:22 of 2nd period - Icing by Seth Griffith.
6:23 of 2nd period - Vladimir Sobotka wins face-off versus Seth Griffith in Gangsters zone.
6:44 of 2nd period - Snap shot by David Pope.
6:44 of 2nd period - Shot Misses the Net.
6:46 of 2nd period - Slapshot by Brett Ponich.
6:46 of 2nd period - Stopped by Michael Hutchinson without a rebound.
6:47 of 2nd period - Philip Varone wins face-off versus Maxime Sauvé in Inferno zone.
6:58 of 2nd period - Snap shot by Philip Varone.
6:58 of 2nd period - Shot Misses the Net.
8:34 of 2nd period - Icing by Morgan Ellis.
8:35 of 2nd period - Philip Varone wins face-off versus Maxime Sauvé in Gangsters zone.
8:36 of 2nd period - Slapshot by Christian Folin.
8:36 of 2nd period - Deflect By Maxime Sauvé.
8:36 of 2nd period - Stopped by Mike Condon with a rebound.
8:50 of 2nd period - Slapshot by Vladimir Sobotka.
8:50 of 2nd period - Stopped by Mike Condon without a rebound.
8:51 of 2nd period - Tomas Hertl wins face-off versus Kyle Palmieri in Gangsters zone.
9:04 of 2nd period - Wrist shot by Dave Dziurzynski.
9:04 of 2nd period - Stopped by Michael Hutchinson without a rebound.
9:05 of 2nd period - Maxime Sauvé wins face-off versus Vladimir Sobotka in Inferno zone.
9:12 of 2nd period - Tanner Pearson is hit by Maxime Sauvé and loses puck.
9:20 of 2nd period - Icing by Vladimir Sobotka.
9:21 of 2nd period - Vladimir Sobotka wins face-off versus Dave Dziurzynski in Inferno zone.
9:21 of 2nd period - Vladimir Sobotka is hit by Tomas Hertl.
9:47 of 2nd period - Minor Penalty to Devante Smith-Pelly for Hooking.
9:48 of 2nd period - Maxime Sauvé wins face-off versus Anders Lee in Gangsters zone.
10:36 of 2nd period - Tomas Hertl is hit by Victor Rask and loses puck.
11:11 of 2nd period - Snap shot by Matthew Nieto.
11:11 of 2nd period - Stopped by Mike Condon without a rebound.
11:12 of 2nd period - Anders Lee wins face-off versus Magnus Paajarvi-Svensson in Gangsters zone.
11:23 of 2nd period - Snap shot by Esa Lindell.
11:23 of 2nd period - Deflect By Magnus Paajarvi-Svensson.
11:23 of 2nd period - Goal by Esa Lindell - Gangsters : 5 - Inferno : 4.
11:24 of 2nd period - Philip Varone wins face-off versus Maxime Sauvé in neutral zone.
11:31 of 2nd period - Slapshot by Esa Lindell.
11:31 of 2nd period - Deflect By Philip Varone.
11:31 of 2nd period - Shot Blocked by Matt Delahey.
11:31 of 2nd period - Puck is out of play.
11:32 of 2nd period - Maxime Sauvé wins face-off versus Philip Varone in Gangsters zone.
11:59 of 2nd period - Slapshot by Brett Ponich.
11:59 of 2nd period - Stopped by Michael Hutchinson with a rebound.
12:01 of 2nd period - Slapshot by Magnus Paajarvi-Svensson.
12:01 of 2nd period - Stopped by Michael Hutchinson without a rebound.
12:02 of 2nd period - Tomas Hertl wins face-off versus Vladimir Sobotka in Inferno zone.
12:09 of 2nd period - Slapshot by Dave Dziurzynski.
12:09 of 2nd period - Deflect By Tomas Hertl.
12:09 of 2nd period - Goal by Tomas Hertl - Gangsters : 6 - Inferno : 4.
12:10 of 2nd period - Maxime Sauvé wins face-off versus Vladimir Sobotka in neutral zone.
12:13 of 2nd period - Snap shot by Devante Smith-Pelly.
12:13 of 2nd period - Shot Blocked by Vladimir Sobotka.
12:21 of 2nd period - Wrist shot by Magnus Paajarvi-Svensson.
12:21 of 2nd period - Shot Blocked by Colby Robak.
12:35 of 2nd period - David Savard is hit by Dave Dziurzynski and loses puck.
12:40 of 2nd period - Snap shot by Tomas Hertl.
12:40 of 2nd period - Stopped by Michael Hutchinson with a rebound.
12:42 of 2nd period - Slapshot by Morgan Ellis.
12:42 of 2nd period - Deflect By Stefan Noesen.
12:42 of 2nd period - Shot Blocked by David Savard.
12:42 of 2nd period - Puck is out of play.
12:43 of 2nd period - Maxime Sauvé wins face-off versus Anders Lee in Inferno zone.
12:50 of 2nd period - Slapshot by Maxime Sauvé.
12:50 of 2nd period - Shot Misses the Net.
12:52 of 2nd period - Slapshot by Morgan Ellis.
12:52 of 2nd period - Shot Misses the Net.
13:16 of 2nd period - Wrist shot by David Pope.
13:16 of 2nd period - Stopped by Michael Hutchinson without a rebound.
13:17 of 2nd period - Vladimir Sobotka wins face-off versus Tomas Hertl in Inferno zone.
13:27 of 2nd period - Off-side.
13:28 of 2nd period - Maxime Sauvé wins face-off versus Vladimir Sobotka in neutral zone.
13:43 of 2nd period - Wrist shot by Colby Robak.
13:43 of 2nd period - Stopped by Mike Condon without a rebound.
13:44 of 2nd period - Anders Lee wins face-off versus Tomas Hertl in Gangsters zone.
13:50 of 2nd period - Slapshot by Matthew Nieto.
13:50 of 2nd period - Shot Misses the Net.
13:52 of 2nd period - Snap shot by Anders Lee.
13:52 of 2nd period - Shot Misses the Net.
13:54 of 2nd period - Snap shot by Bryan Rust.
13:54 of 2nd period - Goal by Bryan Rust - Gangsters : 6 - Inferno : 5.
13:55 of 2nd period - Vladimir Sobotka wins face-off versus Maxime Sauvé in neutral zone.
13:59 of 2nd period - Minor Penalty to Devante Smith-Pelly for Slashing.
14:00 of 2nd period - Anders Lee wins face-off versus Maxime Sauvé in Gangsters zone.
15:59 of 2nd period - Penalty to Devante Smith-Pelly is over, Devante Smith-Pelly is back on ice.
16:06 of 2nd period - Austen Brassard is hit by David Savard and loses puck.
16:11 of 2nd period - Wrist shot by Philip Varone.
16:11 of 2nd period - Stopped by Mike Condon with a rebound.
16:13 of 2nd period - Wrist shot by Matt Kassian.
16:13 of 2nd period - Shot Misses the Net.
17:55 of 2nd period - Tanner Pearson is hit by Seth Griffith and loses puck.
18:13 of 2nd period - Jonas Brodin is hit by Simon Danis-Pepin and loses puck.
19:19 of 2nd period - Wrist shot by Magnus Paajarvi-Svensson.
19:19 of 2nd period - Shot Misses the Net.
19:25 of 2nd period - Minor Penalty to Matthew Nieto for Holding Stick.
19:26 of 2nd period - Devante Smith-Pelly wins face-off versus Vladimir Sobotka in Inferno zone.
19:39 of 2nd period - Slapshot by Devante Smith-Pelly.
19:39 of 2nd period - Shot Misses the Net.
19:41 of 2nd period - Slapshot by Devante Smith-Pelly.
19:41 of 2nd period - Stopped by Michael Hutchinson with a rebound.
Goals for this period are 2 for Gangsters vs 2 for Inferno.
Shots for this period are 10 for Gangsters vs 13 for Inferno.
3rd period
0:01 of 3rd period - Maxime Sauvé wins face-off versus Vladimir Sobotka in neutral zone.
0:33 of 3rd period - Vladimir Sobotka is hit by Brett Ponich.
1:25 of 3rd period - Penalty to Matthew Nieto is over, Matthew Nieto is back on ice.
1:27 of 3rd period - Wrist shot by Anders Lee.
1:27 of 3rd period - Shot Misses the Net.
1:39 of 3rd period - Slapshot by Matthew Nieto.
1:39 of 3rd period - Stopped by Mike Condon without a rebound.
1:40 of 3rd period - Seth Griffith wins face-off versus Philip Varone in Gangsters zone.
1:40 of 3rd period - Seth Griffith is hit by Matt Kassian.
1:48 of 3rd period - Snap shot by Derrick Pouliot.
1:48 of 3rd period - Stopped by Michael Hutchinson without a rebound.
1:49 of 3rd period - Seth Griffith wins face-off versus Philip Varone in Inferno zone.
1:52 of 3rd period - Snap shot by David Pope.
1:52 of 3rd period - Goal by David Pope - Gangsters : 7 - Inferno : 5.
1:53 of 3rd period - Maxime Sauvé wins face-off versus Vladimir Sobotka in neutral zone.
2:43 of 3rd period - Snap shot by Stefan Noesen.
2:43 of 3rd period - Shot Misses the Net.
3:11 of 3rd period - Backhand shot by Victor Rask.
3:11 of 3rd period - Stopped by Mike Condon with a rebound.
3:13 of 3rd period - Wrist shot by Victor Rask.
3:13 of 3rd period - Goal by Victor Rask - Gangsters : 7 - Inferno : 6.
3:14 of 3rd period - Tomas Hertl wins face-off versus Vladimir Sobotka in neutral zone.
3:41 of 3rd period - Maxime Sauvé is hit by Anders Lee and loses puck.
4:28 of 3rd period - Wrist shot by Dave Dziurzynski.
4:28 of 3rd period - Goal by Dave Dziurzynski - Gangsters : 8 - Inferno : 6.
4:28 of 3rd period - Christopher Gibson enters game.
4:29 of 3rd period - Maxime Sauvé wins face-off versus Vladimir Sobotka in neutral zone.
4:33 of 3rd period - Minor Penalty to Vladimir Sobotka for Hooking.
4:34 of 3rd period - Anders Lee wins face-off versus Magnus Paajarvi-Svensson in Inferno zone.
6:33 of 3rd period - Penalty to Vladimir Sobotka is over, Vladimir Sobotka is back on ice.
6:40 of 3rd period - Snap shot by Seth Griffith.
6:40 of 3rd period - Stopped by Christopher Gibson with a rebound.
7:12 of 3rd period - Phillip Danault is hit by David Savard and loses puck.
7:44 of 3rd period - Backhand shot by David Savard.
7:44 of 3rd period - Shot Misses the Net.
7:58 of 3rd period - Slapshot by Christian Folin.
7:58 of 3rd period - Stopped by Mike Condon with a rebound.
8:18 of 3rd period - Anders Lee is hit by Magnus Paajarvi-Svensson and loses puck.
8:54 of 3rd period - Kevin Roy is hit by Tanner Pearson.
9:41 of 3rd period - Tyler Shattock is hit by Morgan Ellis and loses puck.
9:56 of 3rd period - Slapshot by Vladimir Sobotka.
9:56 of 3rd period - Stopped by Mike Condon with a rebound.
10:18 of 3rd period - Icing by Derrick Pouliot.
10:19 of 3rd period - Seth Griffith wins face-off versus Victor Rask in Gangsters zone.
10:21 of 3rd period - Icing by Sebastian Collberg.
10:22 of 3rd period - Victor Rask wins face-off versus Maxime Sauvé in Gangsters zone.
10:36 of 3rd period - Minor Penalty to Derrick Pouliot for Roughing.
10:37 of 3rd period - Anders Lee wins face-off versus Maxime Sauvé in Gangsters zone.
10:53 of 3rd period - Slapshot by Christian Folin.
10:53 of 3rd period - Shot Misses the Net.
11:04 of 3rd period - Icing by David Savard.
11:05 of 3rd period - Victor Rask wins face-off versus Maxime Sauvé in Inferno zone.
11:12 of 3rd period - Tomas Hertl is hit by Matthew Nieto and loses puck.
11:17 of 3rd period - Wrist shot by Kyle Palmieri.
11:17 of 3rd period - Shot Hit the Post.
11:19 of 3rd period - Wrist shot by Kyle Palmieri.
11:19 of 3rd period - Goal by Kyle Palmieri - Gangsters : 8 - Inferno : 7.
11:20 of 3rd period - Maxime Sauvé wins face-off versus Vladimir Sobotka in neutral zone.
11:35 of 3rd period - Wrist shot by Magnus Paajarvi-Svensson.
11:35 of 3rd period - Deflect By Devante Smith-Pelly.
11:35 of 3rd period - Shot Misses the Net.
11:35 of 3rd period - Puck is out of play.
11:36 of 3rd period - Anders Lee wins face-off versus Tomas Hertl in Inferno zone.
11:45 of 3rd period - Wrist shot by Dave Dziurzynski.
11:45 of 3rd period - Shot Blocked by Bryan Rust.
12:07 of 3rd period - Slapshot by Matt Delahey.
12:07 of 3rd period - Deflect By Maxime Sauvé.
12:07 of 3rd period - Stopped by Christopher Gibson without a rebound.
12:08 of 3rd period - Maxime Sauvé wins face-off versus Vladimir Sobotka in Inferno zone.
12:09 of 3rd period - Wrist shot by Devante Smith-Pelly.
12:09 of 3rd period - Stopped by Christopher Gibson without a rebound.
12:10 of 3rd period - Maxime Sauvé wins face-off versus Vladimir Sobotka in Inferno zone.
12:33 of 3rd period - Vladimir Sobotka is hit by Jonas Brodin and loses puck.
12:55 of 3rd period - Minor Penalty to Magnus Paajarvi-Svensson for Holding.
12:56 of 3rd period - Anders Lee wins face-off versus Maxime Sauvé in Gangsters zone.
13:21 of 3rd period - Matt Delahey is hit by Victor Rask and loses puck.
13:45 of 3rd period - Icing by Victor Rask.
13:46 of 3rd period - Victor Rask wins face-off versus Seth Griffith in Inferno zone.
14:55 of 3rd period - Penalty to Magnus Paajarvi-Svensson is over, Magnus Paajarvi-Svensson is back on ice.
16:37 of 3rd period - Vladimir Sobotka is hit by Maxime Sauvé and loses puck.
17:00 of 3rd period - Kyle Palmieri is hit by Morgan Ellis.
18:39 of 3rd period - Wrist shot by Seth Griffith.
18:39 of 3rd period - Stopped by Christopher Gibson with a rebound.
18:41 of 3rd period - Slapshot by Matt Delahey.
18:41 of 3rd period - Shot Blocked by Esa Lindell.
18:43 of 3rd period - Backhand shot by Maxime Sauvé.
18:43 of 3rd period - Stopped by Christopher Gibson without a rebound.
18:44 of 3rd period - Maxime Sauvé wins face-off versus Philip Varone in Inferno zone.
19:11 of 3rd period - Maxime Sauvé is hit by Kyle Palmieri.
19:17 of 3rd period - Inferno, Christopher Gibson is pulled from the net.
19:33 of 3rd period - Wrist shot by Devante Smith-Pelly.
19:33 of 3rd period - Shot Misses the Net.
19:36 of 3rd period - Icing by Vladimir Sobotka.
19:37 of 3rd period - Christopher Gibson from Inferno was sent back in the game.
19:37 of 3rd period - Bryan Rust wins face-off versus Maxime Sauvé in Inferno zone.
19:42 of 3rd period - Matt Delahey is hit by Bryan Rust and loses puck.
19:45 of 3rd period - Inferno, Christopher Gibson is pulled from the net.
19:47 of 3rd period - Snap shot by Kyle Palmieri.
19:47 of 3rd period - Shot Blocked by Matt Delahey.
19:49 of 3rd period - Slapshot by Bryan Rust.
19:49 of 3rd period - Shot Misses the Net.
19:51 of 3rd period - Slapshot by Christian Folin.
19:51 of 3rd period - Stopped by Mike Condon without a rebound.
19:52 of 3rd period - Dan Bylsma call a timeout for Inferno.
19:52 of 3rd period - Vladimir Sobotka wins face-off versus Maxime Sauvé in Gangsters zone.
Goals for this period are 2 for Gangsters vs 2 for Inferno.
Shots for this period are 8 for Gangsters vs 7 for Inferno.
Back to the Top